Map: [ESL] Hecate

Players

GuMiho

  • Race: Terran Terran
  • Spawn Location: 7:00

NightMare - Winner!

  • Race: Protoss Protoss
  • League: Master
  • Spawn Location: 1:00

Event: IEM Katowice 2024

VOD

Have the link to the VOD?

Description

Time

  • Played on: Dec. 9, 2023, 8:05 p.m.
  • Length: 8:03

All games in this series

Show
View Real Time Build Order
Export as new Build Order

GuMiho Terran 

Build Orders: Cyclone Opening, Gas First Reaper Expand 

Get SALT Encoding   

  12  0:00  SCV  
  13  0:12  SCV  
  14  0:17  Supply Depot  
  14  0:24  SCV  
  14  0:27  Refinery  
  15  0:38  SCV  
  16  0:44  Barracks  
  16  0:50  SCV  
  17  1:03  SCV  
  18  1:15  SCV  
  19  1:30  Orbital Command  
  19  1:31  Reaper  
  20  1:46  Command Center  
  20  1:55  Factory  
  20  1:56  SCV  
  21  2:04  Supply Depot  
  21  2:09  SCV  
  21  2:13  Barracks Reactor  
  21  2:15  Refinery  
  22  2:21  SCV  
  23  2:29  Barracks  
  23  2:33  SCV  
  24  2:45  Cyclone, SCV  
  24  2:50  Marine x2  
  29  2:57  SCV  
  30  2:58  Orbital Command  
  30  3:08  Marine x2  
  30  3:09  SCV  
  33  3:15  Orbital Command  
  33  3:17  Barracks Tech Lab  
  33  3:21  SCV  
  33  3:22  Factory Tech Lab  
  33  3:26  Marine x2  
  36  3:28  Supply Depot  
  36  3:35  SCV  
  36  3:40  Siege Tank, Stimpack  
  40  3:44  SCV  
  40  3:45  Marine  
  40  3:46  Marine  
  40  3:47  SCV  
  44  3:49  Marine  
  44  3:53  Supply Depot  
  45  3:56  SCV  
  45  3:59  SCV  
  47  4:06  Marine x2  
  47  4:07  Marauder  
  47  4:08  SCV  
  52  4:11  SCV  
  52  4:15  Siege Tank, Supply Depot  
  56  4:20  SCV  
  56  4:23  SCV  
  58  4:24  Starport  
  58  4:25  Marine  
  58  4:27  Marine  
  60  4:32  Marauder  
  60  4:37  SCV x2  
  64  4:38  Supply Depot  
  64  4:45  Supply Depot  
  64  4:46  Marine  
  64  4:47  Marine  
  64  4:49  SCV x2  
  68  4:54  Siege Tank  
  69  5:01  SCV x2  
  69  5:03  Engineering Bay  
  69  5:06  Marine x2  
  71  5:13  SCV x2  
  69  5:17  Marine  
  70  5:24  Marine x2  
  72  5:29  Missile Turret  
  72  5:31  SCV x2  
  72  5:34  Marine  
  72  5:41  Marine  
  72  5:42  Marine  
  74  5:43  SCV x2  
  74  5:45  Medivac  
  76  5:52  Marine  
  76  5:55  SCV x2  
  79  5:59  Marine x2  
  79  6:07  SCV  
  79  6:08  SCV  
  79  6:10  Marine  
  81  6:16  Supply Depot  
  81  6:17  Marine x2  
  83  6:20  SCV x2  
  85  6:28  Marine  
  86  6:34  SCV  
  86  6:37  Marine x2  
  86  6:38  Supply Depot, SCV  
  89  6:40  Supply Depot  
  89  6:46  Marine  
  91  6:50  SCV  
  92  6:55  Marine x2, Supply Depot  
  92  6:57  Supply Depot  
  92  7:01  Hellion, SCV  
  95  7:02  SCV  
  95  7:03  Refinery  
  95  7:04  Marine  
  98  7:13  Marine x2  
  97  7:21  Marine  
  85  7:26  Orbital Command  
  85  7:27  Missile Turret  
  76  7:31  Marine x2  
  78  7:39  Marine  
  79  7:51  Missile Turret  
Show
View Real Time Build Order
Export as new Build Order

NightMare Protoss - Winner!

Build Orders: 1 Gate Expand, Blink Stalkers, Dark Templar Rush 

Get SALT Encoding   

  12  0:00  Probe  
  13  0:12  Probe  
  14  0:18  Pylon  
  14  0:24  Probe (Chrono Boost)  
  15  0:36  Probe (Chrono Boost)  
  15  0:37  Gateway  
  16  0:45  Probe (Chrono Boost)  
  16  0:46  Assimilator  
  17  0:51  Probe  
  18  1:03  Probe  
  19  1:15  Probe  
  20  1:24  Cybernetics Core  
  22  1:38  Nexus  
  22  1:43  Pylon  
  22  1:45  Probe  
  21  1:51  Assimilator  
  21  1:57  Probe  
  21  1:59  Adept (Chrono Boost)  
  22  2:03  Warp Gate  
  24  2:09  Probe  
  24  2:13  Shield Battery  
  25  2:21  Probe, Stalker (Chrono Boost)  
  28  2:33  Probe  
  29  2:42  Twilight Council  
  29  2:46  Probe  
  29  2:49  Probe, Stalker  
  33  2:58  Probe  
  33  3:02  Probe  
  34  3:10  Probe  
  35  3:14  Probe  
  36  3:20  Dark Shrine  
  36  3:22  Probe  
  36  3:26  Gateway, Probe  
  38  3:30  Gateway, Blink (Chrono Boost)  
  38  3:34  Probe  
  38  3:38  Probe  
  40  3:46  Probe  
  41  3:50  Pylon, Probe  
  41  3:52  Stalker  
  44  3:58  Assimilator  
  44  3:59  Probe  
  44  4:02  Probe  
  46  4:12  Probe  
  46  4:13  Pylon  
  46  4:14  Probe  
  48  4:24  Probe  
  49  4:26  Probe  
  50  4:34  Dark Templar x2  
  50  4:36  Probe  
  55  4:38  Probe  
  55  4:41  Assimilator  
  55  4:44  Pylon  
  56  4:47  Gateway  
  56  4:49  Gateway  
  57  4:52  Probe  
  57  4:55  Dark Templar  
  59  5:02  Nexus  
  59  5:06  Shield Battery  
  59  5:07  Pylon  
  59  5:16  Probe x2  
  59  5:19  Dark Templar  
  59  5:20  Charge (Chrono Boost)  
  61  5:22  Stalker  
  63  5:29  Gateway, Probe x2  
  65  5:37  Pylon  
  65  5:41  Probe  
  65  5:42  Probe  
  65  5:50  Zealot x4  
  73  6:04  Sentry  
  75  6:08  Pylon  
  75  6:10  Robotics Facility, Probe x2  
  75  6:11  Gateway x2  
  75  6:16  Probe  
  76  6:19  Sentry  
  76  6:20  Stalker x2  
  76  6:25  Zealot  
  84  6:26  Zealot  
  84  6:29  Probe  
  84  6:30  Probe  
  84  6:31  Probe  
  87  6:36  Zealot  
  87  6:38  Shield Battery  
  89  6:42  Probe  
  90  6:51  Zealot x5  
  90  6:53  Pylon  
  100  6:57  Pylon  
  100  7:01  Zealot  
  100  7:07  Pylon  
  100  7:08  Zealot x2  
  106  7:09  Observer (Chrono Boost)  
  97  7:23  Zealot x6  
  99  7:35  Stalker x2  
  103  7:44  Stalker x6  
  109  7:47  Stalker  
  109  7:48  Stalker x3  
  92  7:59  Zealot x2  

Tags
 
Add a new tag
Caveats
  • Supply blocks, unpowered buildings, or Contaminate may cause inaccurate times.
  • Supply counts are checked every 10 seconds.